 Dungeon Crawl Stone Soup version 0.29.1-4-g47bece8355 (webtiles) character file.

Game seed: 768137325101500930

683 trench the Grasshopper (level 7, -4/50 (56) HPs)
             Began as a Gnoll Warper on Dec 12, 2022.
             Slain by a wight
             ... wielding a +5 short sword
              (9 damage)
             ... on level 6 of the Dungeon.
             The game lasted 00:22:31 (5925 turns).

trench the Grasshopper (Gnoll Warper)               Turns: 5925, Time: 00:22:31

HP:   -4/50 (56)    AC:  4    Str: 13    XL:     7   Next: 61%
MP:   4/15          EV: 13    Int: 12    God:
Gold: 207           SH:  0    Dex: 11    Spells: 12/17 levels left

rFire   . . .      SeeInvis .   t - +2 short sword (drain)
rCold   . . .      Faith    .   (no shield)
rNeg    . . .      Spirit   .   b - +0 leather armour
rPois   .          Reflect  .   A - +0 helmet
rElec   .          Harm     .   (no cloak)
rCorr   .          Rampage  .   (no gloves)
Will    .....                   (no boots)
Stlth   ++........              (no amulet)
HPRegen 0.16/turn               (no ring)
MPRegen 0.14/turn               (no ring)

@: on blink cooldown, heavily drained
A: fangs 1, strong nose, distributed training
a: no special abilities


You were on level 6 of the Dungeon.
You visited 1 branch of the dungeon, and saw 6 of its levels.
You also visited: Sewer.

You collected 207 gold pieces.

Inventory:

Hand Weapons
 t - a +2 short sword of draining (weapon)
Missiles
 d - 7 boomerangs of dispersal
 l - 20 poisoned darts (quivered)
Armour
 b - a +0 leather armour (worn)
 h - a +0 chain mail
 A - a +0 helmet (worn)
Jewellery
 u - an amulet of faith
Scrolls
 c - 2 scrolls of blinking
 i - 4 scrolls of teleportation
 k - 6 scrolls of fear
 n - a scroll of immolation {unknown}
 o - a scroll of magic mapping
 p - a scroll of brand weapon {unknown}
 q - a scroll of silence {unknown}
 v - 2 scrolls of butterflies {unknown}
 x - a scroll of summoning {unknown}
 y - 2 scrolls of identify
Potions
 a - a potion of lignification {unknown}
 e - 2 potions of might {unknown}
 f - 2 potions of degeneration {unknown}
 g - 2 potions of haste {unknown}
 j - 3 potions of magic {unknown}
 m - a potion of ambrosia {unknown}
 r - 2 potions of mutation {unknown}
 s - a potion of curing {unknown}
 w - a potion of invisibility {unknown}
 z - a potion of cancellation {unknown}


   Skills:
 + Level 5.3 Fighting
 + Level 2.7 Short Blades
 + Level 5.3 Long Blades
 + Level 2.7 Axes
 + Level 2.7 Maces & Flails
 + Level 2.7 Polearms
 + Level 2.7 Staves
 + Level 2.7 Ranged Weapons
 + Level 3.8 Throwing
 + Level 3.8 Armour
 + Level 5.3 Dodging
 + Level 2.7 Stealth
 + Level 2.7 Shields
 + Level 2.7 Unarmed Combat
 + Level 5.7 Spellcasting
 + Level 2.2 Conjurations
 + Level 2.2 Hexes
 + Level 2.2 Summonings
 + Level 2.2 Necromancy
 + Level 5.9 Translocations
 + Level 2.2 Transmutations
 + Level 2.2 Fire Magic
 + Level 2.2 Ice Magic
 + Level 2.2 Air Magic
 + Level 2.2 Earth Magic
 + Level 2.2 Poison Magic
 + Level 3.0 Invocations
 + Level 2.7 Evocations


You had 12 spell levels left.
You knew the following spells:

 Your Spells              Type           Power      Damage    Failure   Level
a - Blink                 Tloc           34%        N/A       3%          2
b - Teleport Other        Tloc           17%        N/A       6%          3

Your spell library contained the following spells:

 Spells                   Type           Power      Damage    Failure   Level
 Gell's Gravitas          Tloc           17%        N/A       6%          3
 Lesser Beckoning         Tloc           17%        N/A       6%          3
 Manifold Assault         Tloc           17%        N/A       50%         5


Dungeon Overview and Level Annotations

Branches:
Dungeon (6/15)              Sewer (visited)
 Temple: D:4-7

Altars:

Shops:
D:2 [


Innate Abilities, Weirdness & Mutations

You have very sharp teeth.
Your uncanny sense of smell can sniff out nearby items.
Your experience applies equally to all skills.


Message History

The wight resists with significant effort.
The wight hits you with a +5 short sword!
* * * LOW HITPOINT WARNING * * *
You feel drained.
* * * LOW HITPOINT WARNING * * *
Casting: Teleport Other (dangerous; 6% risk of failure)
Confirm with . or Enter, or press ? or * to list all spells.
Aiming: Teleport Other (dangerous; 6% risk of failure)
Press: ? - help, Shift-Dir - straight line, f/p - wight
Aim: a wight, wielding a +5 short sword and wearing a +0 robe (lightly damaged, chance to affect: 56%)
The wight looks slightly unstable.
The wight completely misses you.
Casting: Teleport Other (dangerous; 6% risk of failure)
Confirm with . or Enter, or press ? or * to list all spells.
You blink.
The wight disappears!
You feel stable enough to blink again.
You start resting.
A wight is nearby!
The wight attacks as you move away!
The wight hits you with a +5 short sword.
* * * LOW HITPOINT WARNING * * *
The wight attacks as you move away!
The wight hits you with a +5 short sword.
* * * LOW HITPOINT WARNING * * *
There is a stone staircase leading up here.
Casting: Blink (safe; 3% risk of failure)
Confirm with . or Enter, or press ? or * to list all spells.
Aiming: Teleport Other (dangerous; 6% risk of failure)
Press: ? - help, Shift-Dir - straight line, f/p - wight
Aim: a wight, wielding a +5 short sword and wearing a +0 robe (lightly damaged, chance to affect: 56%)
The wight resists with significant effort.
The wight hits you with a +5 short sword.
* * * LOW HITPOINT WARNING * * *
You feel drained.
* * * LOW HITPOINT WARNING * * *
Casting: Teleport Other (dangerous; 6% risk of failure)
Confirm with . or Enter, or press ? or * to list all spells.
You blink.
The wight hits you with a +5 short sword!
You die...

### #. ..# #. #.# #. #.#
#.####.# ### #####......#
#ยง#
...........###z#######
.............@........
####....##.....######.
#..#.##.###.######.#
#..#.##.............
#######....##.####.####.##
......................#
#.###..#......####.##.....
#.###.......#.# #.# #.##
#........#..#.# #.# ..


You could see a wight.

Vanquished Creatures
  3 kobold brigands (Sewer)
  A bullfrog (D:5)
  A scorpion (D:4)
  2 hounds
  An orc priest (D:4)
  2 iguanas
  Terence (D:3)
  A gnoll (D:1)
  8 adders
  A river rat (Sewer)
  An ufetubus (D:5)
  3 worms
  A dart slug (D:4)
  7 orcs (D:4)
  9 ball pythons
  6 bats
  5 endoplasms
  5 giant cockroaches
  8 goblins
  5 hobgoblins
  2 jackals (D:2)
  3 quokkas
  4 frilled lizards
  12 kobolds
  5 rats
97 creatures vanquished.

Notes
Turn   | Place    | Note
-------+----------+-------------------------------------------
     0 | D:1      | trench the Gnoll Warper began the quest for the Orb.
     0 | D:1      | Reached XP level 1. HP: 20/20 MP: 6/6
   326 | D:1      | Reached XP level 2. HP: 24/26 MP: 7/7
   510 | D:1      | Learned a level 2 spell: Blink
   976 | D:1      | Reached skill level 5 in Spellcasting
   976 | D:1      | Reached XP level 3. HP: 19/31 MP: 7/9
  1118 | D:1      | Reached skill level 1 in Invocations
  1122 | D:1      | Learned a level 3 spell: Teleport Other
  1418 | D:2      | Reached skill level 1 in Short Blades
  1418 | D:2      | Reached skill level 1 in Axes
  1418 | D:2      | Reached skill level 1 in Maces & Flails
  1418 | D:2      | Reached skill level 1 in Polearms
  1418 | D:2      | Reached skill level 1 in Staves
  1418 | D:2      | Reached skill level 1 in Ranged Weapons
  1418 | D:2      | Reached skill level 1 in Stealth
  1418 | D:2      | Reached skill level 1 in Shields
  1418 | D:2      | Reached skill level 1 in Unarmed Combat
  1418 | D:2      | Reached skill level 1 in Evocations
  1615 | D:2      | Reached XP level 4. HP: 32/38 MP: 11/11
  1737 | D:2      | Found Tini's Armour Shoppe.
  2333 | D:2      | Reached skill level 1 in Conjurations
  2333 | D:2      | Reached skill level 1 in Hexes
  2333 | D:2      | Reached skill level 1 in Summonings
  2333 | D:2      | Reached skill level 1 in Necromancy
  2333 | D:2      | Reached skill level 1 in Transmutations
  2333 | D:2      | Reached skill level 1 in Fire Magic
  2333 | D:2      | Reached skill level 1 in Ice Magic
  2333 | D:2      | Reached skill level 1 in Air Magic
  2333 | D:2      | Reached skill level 1 in Earth Magic
  2333 | D:2      | Reached skill level 1 in Poison Magic
  2766 | D:3      | Found a faded altar of an unknown god.
  2890 | D:3      | Noticed Terence
  2906 | D:3      | Killed Terence
  3329 | D:4      | Reached XP level 5. HP: 43/43 MP: 10/12
  3365 | D:4      | Found a glowing drain.
  3449 | Sewer    | Entered a sewer
  3696 | Sewer    | Noticed a kobold brigand
  3707 | Sewer    | Killed a kobold brigand
  3708 | Sewer    | Reached skill level 5 in Fighting
  3708 | Sewer    | Reached skill level 5 in Long Blades
  3708 | Sewer    | Reached skill level 5 in Dodging
  3708 | Sewer    | Reached XP level 6. HP: 49/51 MP: 3/14
  4383 | D:4      | Reached XP level 7. HP: 56/56 MP: 15/15
  5123 | D:5      | Entered Level 5 of the Dungeon
  5925 | D:6      | Slain by a wight

Illustrated notes

Levels and vault maps discovered:
D:1:      onia_arrival_mini_spirals, layout_basic,
          chequers_serial_rivers_small_b, roderic_lattice_a
D:2:      layout_basic, serial_shops, shop
D:3:      layout_basic, basic_ecumenical_altar, uniq_terence
D:4:      layout_layer_cave, gup_sewer_entry_glass, kennysheep_minor_cross,
          hangedman_abyss_or_decor_stagger, serial_bayou_pond_e
D:5:      layout_loops_cross, nicolae_tso_swordbearing_angel,
          minmay_temple_entry_junction_2
D:6:      layout_basic

Skill      XL: |  1  2  3  4  5  6  7 |
---------------+----------------------+-----
Spellcasting   | 5 |  5.7
Invocations    | 1 2 3 |  3.0
Short Blades   | 1 2 |  2.7
Axes           | 1 2 |  2.7
Maces & Flails | 1 2 |  2.7
Polearms       | 1 2 |  2.7
Staves         | 1 2 |  2.7
Ranged Weapons | 1 2 |  2.7
Stealth        | 1 2 |  2.7
Shields        | 1 2 |  2.7
Unarmed Combat | 1 2 |  2.7
Evocations     | 1 2 |  2.7
Conjurations   | 1 2 |  2.2
Hexes          | 1 2 |  2.2
Summonings     | 1 2 |  2.2
Necromancy     | 1 2 |  2.2
Transmutations | 1 2 |  2.2
Fire Magic     | 1 2 |  2.2
Ice Magic      | 1 2 |  2.2
Air Magic      | 1 2 |  2.2
Earth Magic    | 1 2 |  2.2
Poison Magic   | 1 2 |  2.2
Throwing       | 3 |  3.8
Armour         | 3 |  3.8
Fighting       | 5 |  5.3
Long Blades    | 5 |  5.3
Dodging        | 5 |  5.3
Translocations | |  5.9

Action                   |  1- 3 |  4- 6 |  7- 9 || total
-------------------------+-------+-------+-------++-------
Melee: Falchion          |   120 |    46 |       ||   166
       Bite              |     7 |    10 |    12 ||    29
       Punch             |     2 |     3 |     1 ||     6
       Short sword       |       |    72 |    72 ||   144
Throw: Dart              |       |    85 |    29 ||   114
 Cast: Blink             |     5 |     2 |     3 ||    10
       Teleport Other    |     3 |     9 |     7 ||    19
  Use: Scroll            |     2 |     3 |       ||     5
 Stab: Sleeping          |     1 |       |     2 ||     3
Armor: Leather armour    |    32 |    35 |    11 ||    78
Dodge: Dodged            |    95 |    98 |    63 ||   256
